AoeStats
← | ArCas | Toruk Makto

African Clearing

504884771Analyzed
4v4 RM · 25d ago on Sep 6, 2026· 38m 52s· 8 players
Game mode
Random Map
Map size
Large (8 player)
Population
200
Speed
Normal
Resources
Standard
Victory
Conquest
Starting age
Dark Age
Ending age
Imperial Age
RankedLock teamsTeams togetherTeam positionsShared explorationLock speedFull tech treeHidden civsTurbo modeCheats
Victory
Defeat
🇧🇷 Sicilians · Brazil
1389
+15
🇦🇷 Khmer · Argentina
1311
+18
🇳🇴 Malians · Norway
1296
+19
🇨🇴 Dravidians · Colombia
1296
+19
🇨🇴 Mongols · Colombia
1385
-19
🇨🇴 Koreans · Colombia
1379
-18
🇹🇼 Huns · Taiwan
1357
-18
🇺🇸 Japanese · United States
1313
-16
Benjamin
5:21 Loom
5:44 Loom
5:59 Loom
6:49 Loom
15:00 Feudal Age
16:02 Double-Bit Axe
19:03 Castle Age
19:38 Wheelbarrow
22:22 Bow Saw
22:11 Horse Collar
23:18 Hand Cart
23:32 Town Watch
23:51 Heavy Plow
28:55 Scale Barding Armor
29:45 Bloodlines
29:35 Husbandry
30:11 Forging
33:04 Chain Barding Armor
33:38 Gold Mining
33:39 Stone Mining
34:39 Iron Casting
35:11 Fletching
36:15 Bodkin Arrow
40:34 Imperial Age
38:34 Marauders
Chancellor Lizard
3:17 Loom
13:08 Feudal Age
18:40 Castle Age
17:20 Double-Bit Axe
18:05 Fletching
19:32 Bodkin Arrow
32:08 Ballistics
32:31 Horse Collar
Warriorz Lvl
11:44 Feudal Age
27:18 Castle Age
Crawsack
4:10 Loom
12:50 Feudal Age
13:31 Double-Bit Axe
18:42 Town Watch
21:49 Fletching
ckookies__
12:05 Feudal Age
11:27 Loom
13:07 Man-at-Arms
17:39 Horse Collar
20:13 Double-Bit Axe
24:23 Castle Age
22:43 Fishing Lines
23:30 Gold Mining
25:04 Gillnets
25:09 Fletching
27:25 Stone Mining
27:54 Heavy Plow
28:05 Bow Saw
28:31 Bodkin Arrow
29:38 Medical Corps
29:40 Padded Archer Armor
30:13 Ballistics
30:12 Thumb Ring
32:31 Wheelbarrow
36:11 Imperial Age
34:40 Leather Archer Armor
35:48 Husbandry
36:26 Hand Cart
35:58 Town Watch
38:09 Chemistry
37:19 Bracer
37:12 Elite Elephant Archer
38:37 Ring Archer Armor
| ArCas | Toruk Makto
4:21 Loom
13:40 Feudal Age
17:21 Castle Age
15:23 Double-Bit Axe
17:38 Bloodlines
18:12 Forging
18:42 Bloodlines
21:34 Scale Barding Armor
30:27 Horse Collar
34:02 Iron Casting
33:39 Stone Mining
35:07 Wheelbarrow
38:24 Husbandry
38:54 Hand Cart
38:27 Town Watch
39:23 Bow Saw
PoopMaster
2:56 Loom
32:43 Feudal Age
35:34 Wheelbarrow
35:35 Horse Collar
38:15 Castle Age
39:18 Fletching
>>--Arrow--> ♥
3:04 Loom
13:36 Feudal Age
14:23 Double-Bit Axe
18:13 Scale Mail Armor
18:23 Forging
20:52 Castle Age
20:46 Gold Mining
20:53 Pikeman
22:10 Iron Casting
21:50 Chain Mail Armor
21:39 Squires
22:00 Bow Saw
24:26 Gold Shaft Mining
24:34 Arson
25:06 Horse Collar
27:15 Wheelbarrow
29:14 Heavy Plow
29:08 Stone Mining
38:15 Imperial Age
Connection lost

Rejoining the realm…

Still unreachable

The connection could not be restored.

Session expired

The server has moved on; the page needs a fresh start.